 Dungeon Crawl Stone Soup version 0.31-a0-1555-g5715333c33 (webtiles) character file.

Game seed: 2162247629245504222

12506 Jannitor the Fighter (level 11, -1/99 HPs)
             Began as a Hill Orc Delver on Jan 2, 2024.
             Was a Priest of Beogh.
             Slain by a catoblepas (13 damage)
             ... while petrified by a catoblepas
             ... in a Gauntlet on Jan 3, 2024.
             The game lasted 00:22:15 (11608 turns).

Jannitor the Fighter (Hill Orc Delver)             Turns: 11608, Time: 00:22:16

Health: -1/99      AC: 18    Str: 20    XL:     11   Next: 94%
Magic:  13/17      EV:  2    Int: 10    God:    Beogh [***...]
Gold:   346        SH:  0    Dex: 12    Spells: 10/10 levels left

rFire   + . .        K - +3 trident (vamp)
rCold   . . .        m - +0 buckler
rNeg    + + +        i - +0 swamp dragon scales
rPois   ∞            q - +2 helmet of Bazyn {rN+ Will+}
rElec   .            u - +0 cloak
rCorr   .            (no gloves)
SInv    .            (no boots)
Will    +....        I - amulet of the acrobat
Stlth   ++           A - +4 ring of protection
HPRegen 0.36/turn    J - ring of protection from fire
MPRegen 0.15/turn

%: no teleportation, acrobat
@: petrified, studying Invocations
A: no striking features
a: Renounce Religion, Smiting


You were in a Gauntlet.
You worshipped Beogh.
Beogh was most pleased with you.
You visited 2 branches of the dungeon, and saw 11 of its levels.
You also visited: Gauntlet.

You collected 564 gold pieces.
You spent 218 gold pieces at shops.

Inventory:

Hand Weapons
 a - a +0 hand axe
 h - a +0 war axe
 K - a +3 vampiric trident (weapon)
 O - a +3 glaive
Missiles
 L - 4 throwing nets
Armour
 b - a +0 leather armour
 i - +0 swamp dragon scales (worn)
 l - a +0 plate armour
 m - a +0 buckler (worn)
 q - the +2 helmet of Bazyn (worn) {rN+ Will+}
   (You bought it in a shop on level 2 of the Dungeon)

   rN+:       It protects you from negative energy.
   Will+:     It increases your willpower.
 s - an orb of wrath
 t - a +0 ring mail of cold resistance
 u - a +0 cloak (worn)
 v - an orb of mayhem
Jewellery
 r - a ring of magical power
 A - a +4 ring of protection (left hand)
 D - a ring of wizardry
 I - an amulet of the acrobat (around neck)
 J - a ring of protection from fire (right hand)
Wands
 g - a wand of digging (3)
 C - a wand of flame (22)
 G - a wand of iceblast (3)
 M - a wand of charming (14)
 N - a wand of polymorph (5)
Scrolls
 c - 4 scrolls of fog
 d - 4 scrolls of revelation
 e - a scroll of noise
 f - 4 scrolls of immolation
 o - a scroll of torment
 w - a scroll of amnesia
 y - a scroll of brand weapon
Potions
 j - a potion of resistance
 k - a potion of cancellation
 n - 4 potions of enlightenment
 p - 4 potions of attraction
 x - a potion of curing
 z - a potion of brilliance {unknown}
 E - 3 potions of lignification
 F - a potion of might {unknown}


   Skills:
 + Level 9.8 Fighting
 - Level 8.1(9.1) Axes
 + Level 5.0(6.7) Polearms
 + Level 8.0 Armour
 + Level 6.4 Dodging
 - Level 4.1 Stealth
 + Level 8.0 Shields
 + Level 9.2 Invocations
 + Level 4.9 Evocations


You had 10 spell levels left.
You didn't know any spells.
Your spell library contained the following spells:

 Spells                   Type           Power      Damage    Failure   Level
 Freeze                   Ice            0%         1d3       56%         1
 Kiss of Death            Conj/Necr      0%         2d5       56%         1
 Summon Small Mammal      Summ           0%         N/A       56%         1
 Jinxbite                 Hex            0%         N/A       71%         2
 Lesser Beckoning         Tloc           0%         N/A       71%         2
 Static Discharge         Conj/Air       0%         3-3/arc   71%         2
 Call Canine Familiar     Summ           0%         N/A       91%         3
 Frozen Ramparts          Ice            0%         1d1       91%         3
 Gell's Gravitas          Tloc           0%         N/A       91%         3
 Hailstorm                Conj/Ice       0%         3d5       91%         3
 Summon Ice Beast         Ice/Summ       0%         N/A       91%         3
 Teleport Other           Tloc           0%         N/A       91%         3
 Vampiric Draining        Necr           0%         2d6       91%         3
 Airstrike                Air            0%         2d(0-16)  100%        4
 Summon Blazeheart Golem  Fire/Summ      0%         N/A       100%        4
 Summon Lightning Spire   Summ/Air       0%         N/A       100%        4
 Summon Mana Viper        Hex/Summ       0%         N/A       100%        5
 Monstrous Menagerie      Summ           0%         N/A       100%        7


Dungeon Overview and Level Annotations

Branches:
Dungeon (9/15)             Temple (0/1) D:6            Lair (2/5) D:9
  Swamp (0/4) Lair:2       Spider (0/4) Lair:2          Orc (0/2) D:9
Gauntlet (1/1)

Altars:
Ashenzari
Okawaru
Qazlal
Ru
Sif Muna
Wu Jian
The Shining One

Shops:
D:2 ([[(   D:4 [

Annotations:
D:6 1 runed translucent door, Crazy Yiuf Gauntlet 9 transporters


Message History

The gargoyle attacks as it pursues you! You block the gargoyle's attack.
Unknown command.
Okay, then.
Unknown command.
Aiming: Smiting
Press: ? - help, Dir - move target, f - catoblepas, p - gargoyle Smite: a catoblepas (calcifying dust, heavily wounded)
You smite the catoblepas!
The catoblepas is severely wounded.
You are engulfed in calcifying dust.
The gargoyle hits you with a +0 flail.
Your limbs are stiffening.
Aiming: Smiting
Press: ? - help, Dir - move target, f/p - catoblepas Smite: a catoblepas (calcifying dust, severely wounded)
You smite the catoblepas!!
The catoblepas is almost dead.
You can no longer recall your orcish followers.
You are engulfed in calcifying dust.
Your limbs have turned to stone.
You block the catoblepas's attack.
You have turned to stone.
The catoblepas gores you!!
* * * LOW HITPOINT WARNING * * *
The catoblepas gores you!
* * * LOW HITPOINT WARNING * * *
The catoblepas gores you but does no damage.
The catoblepas breathes a plume of calcifying dust at you.
The blast of calcifying dust hits you but does no damage.
You are engulfed in calcifying dust.
The catoblepas gores you.
You are engulfed in calcifying dust.
The catoblepas breathes a plume of calcifying dust at you.
The blast of calcifying dust hits you.
* * * LOW HITPOINT WARNING * * *
You are engulfed in calcifying dust.
The catoblepas gores you!
* * * LOW HITPOINT WARNING * * *
You are engulfed in calcifying dust.
The catoblepas breathes a plume of calcifying dust at you.
The blast of calcifying dust hits you but does no damage.
You are engulfed in calcifying dust.
The catoblepas gores you.
* * * LOW HITPOINT WARNING * * *
The catoblepas gores you!!
You die...

#..#.........#.8.##.....
###..#...###...#...#.#....
#8#..#....#....#####..#...
###..#!#..#©.#.#...#...#©#
#..#©.######.#©.©#....#.
###..#.#..#..#.#...#...#.#
#8#..#?...#....#####..#...
###..#...###...#...#.#....
#..#.§.@Y9...#.8.##...§.
###..###########§..#######
#8#.....#.©.#..§§≈........
###...8.#...#.§§§8§.......
#.....#.©.#..§.≈........
###..###########§..#######
#8#..#5.3#.#55.#.8.#....5#
###..#..#...#..#...#..###.
#..#.##...##.#####.##5##


You could see a catoblepas, a smoke demon, a gargoyle and 3 crimson imps.

Vanquished Creatures
  A two-headed ogre (D:9)
  Pikel (D:7)
  A meliai (D:8)
  A cane toad (D:9)
  5 blink frogs (Lair:1)
  Sigmund (D:3)
  4 wyverns (D:9)
  14 yaks
  A neqoxec (Gauntlet)
  A chaos spawn (Gauntlet)
  A steam dragon (D:7)
  Edmund (D:6)
  2 water moccasins (D:7)
  Duvessa (D:6)
  2 orc warriors
  2 ice beasts
  2 black bears
  2 sky beasts (D:7)
  3 ogres
  3 centaurs
  A kobold brigand (D:7)
  A phantom (D:5)
  6 bullfrogs
  A gnoll sergeant (D:9)
  4 scorpions
  Dowan (D:6)
  10 killer bees
  2 howler monkeys
  2 bombardier beetles
  8 hounds
  A jelly (D:7)
  A gnoll bouda (D:5)
  4 orc priests
  2 iguanas
  2 sleepcaps
  Natasha (twice) (D:3)
  4 orc wizards
  14 gnolls
  5 adders
  A shadow imp (D:8)
  A white imp (D:8)
  2 ufetubi (D:6)
  7 dart slugs
  2 ribbon worms
  17 orcs
  2 giant cockroaches
  9 goblins
  7 hobgoblins
  3 quokkas
  5 ball pythons
  6 bats
  4 frilled lizards
  18 kobolds
  8 rats
212 creatures vanquished.

Vanquished Creatures (collateral kills)
  A tengu warrior (D:8)
  An elephant (Lair:1)
  2 black mambas
  A cane toad (Lair:1)
  Maggie (Lair:1)
  A troll (D:9)
  3 blink frogs (Lair:1)
  9 yaks
  A vampire (D:8)
  An acid dragon (D:9)
  A water moccasin (Lair:1)
  A kobold brigand (D:9)
  A bullfrog (Lair:1)
  2 gnoll sergeants (D:9)
  A gnoll (D:9)
  2 orcs
  3 kobolds (D:9)
32 creatures vanquished.

Vanquished Creatures (others)
  2 orc warriors (D:9)
  An orc priest (D:8)
  A gnoll bouda (D:7)
  An orc wizard (D:9)
  A gnoll (D:7)
  An adder (D:4)
  8 orcs
15 creatures vanquished.

Grand Total: 259 creatures vanquished

Notes
Turn   | Place    | Note
-------+----------+-------------------------------------------
     0 | D:5      | Jannitor the Hill Orc Delver began the quest for the Orb.
     0 | D:5      | Reached XP level 1. HP: 19/19 MP: 1/1
    32 | D:5      | Noticed a scorpion
   146 | D:2      | Found Johepp's Weapon Boutique.
   151 | D:2      | Reached XP level 2. HP: 27/27 MP: 2/2
   204 | D:2      | Found Woiduckifyi's Antique Weapon Boutique.
   206 | D:2      | Found Xonu's Armour Shoppe.
   660 | D:1      | Reached skill level 1 in Armour
   660 | D:1      | Reached skill level 1 in Shields
   664 | D:1      | Reached XP level 3. HP: 28/33 MP: 3/3
   830 | D:1      | Found a faded altar of an unknown god.
  1135 | D:2      | Got the Parchment of the Creeping Sphinx
  1228 | D:2      | Found Jepen's Antique Armour Emporium.
  1855 | D:4      | Reached XP level 4. HP: 40/40 MP: 4/4
  1868 | D:4      | Became a worshipper of Beogh the Brigand
  1875 | D:4      | Found Zauj's Armour Boutique.
  2036 | D:4      | Reached XP level 5. HP: 45/47 MP: 5/5
  2057 | D:4      | Noticed a black bear
  2090 | D:4      | Reached skill level 1 in Invocations
  2117 | D:4      | Noticed an ogre
  2130 | D:4      | Killed an ogre
  2131 | D:4      | Reached XP level 6. HP: 19/55 MP: 7/7
  2450 | D:4      | Killed a black bear
  2451 | D:4      | Reached skill level 5 in Fighting
  2925 | D:5      | Reached XP level 7. HP: 53/61 MP: 8/8
  3061 | D:5      | Reached skill level 5 in Axes
  3081 | D:5      | Reached * piety under Beogh
  3226 | D:5      | Found a shimmering blue altar of Sif Muna.
  3320 | D:5      | Reached XP level 8. HP: 63/70 MP: 10/10
  4026 | D:6      | Noticed Edmund
  4228 | D:2      | Bought a fine helmet for 218 gold pieces
  4228 | D:2      | Identified the +2 helmet of Bazyn {rN+ Will+} (You bought
                  | it in a shop on level 2 of the Dungeon)
  4249 | D:3      | Found an ornate altar of the Wu Jian Council.
  4303 | D:3      | Found a stormy altar of Qazlal.
  4304 | D:3      | Noticed Natasha
  4362 | D:3      | Killed Natasha
  4394 | D:3      | Noticed Sigmund
  4407 | D:3      | Killed Sigmund
  4427 | D:3      | Found a sacrificial altar of Ru.
  4582 | D:3      | Noticed Natasha
  4592 | D:3      | Killed Natasha
  4708 | D:6      | Killed Edmund
  4837 | D:6      | Noticed Dowan
  4872 | D:6      | Killed Dowan
  4873 | D:6      | Reached skill level 5 in Invocations
  4873 | D:6      | Reached XP level 9. HP: 77/78 MP: 12/12
  4998 | D:6      | Found a glowing golden altar of the Shining One.
  5023 | D:6      | Noticed Duvessa
  5045 | D:6      | Killed Duvessa
  5045 | D:6      | Reached ** piety under Beogh
  5046 | D:6      | Reached skill level 5 in Armour
  5065 | D:6      | Reached skill level 5 in Shields
  5180 | D:6      | Found a staircase to the Ecumenical Temple.
  5521 | D:6      | Found a runed translucent door.
  5522 | D:6      | Noticed Crazy Yiuf
  5799 | D:7      | Noticed Pikel
  5811 | D:7      | Killed Pikel
  6284 | D:7      | Reached skill level 1 in Evocations
  6300 | D:7      | Found a broken altar of Ashenzari.
  6445 | D:7      | Reached XP level 10. HP: 52/88 MP: 14/14
  6506 | D:7      | Reached skill level 5 in Dodging
  7282 | D:8      | Noticed Jeremiah
  7308 | D:7      | Upgraded the game from 0.31-a0-1547-g618ab1f346 to
                  | 0.31-a0-1555-g5715333c33
  7364 | D:8      | Jeremiah changed into Jeremiah the ice beast
  7364 | D:8      | Noticed Jeremiah
  7373 | D:8      | Killed Jeremiah the ice beast
  8004 | D:8      | Noticed a meliai
  8004 | D:8      | Noticed a deep elf pyromancer
  8005 | D:8      | Noticed a tengu warrior
  8012 | D:8      | Killed a meliai
  8013 | D:8      | Reached skill level 1 in Polearms
  8243 | D:9      | Reached *** piety under Beogh
  8394 | D:9      | Noticed a two-headed ogre
  8406 | D:9      | Killed a two-headed ogre
  8467 | D:9      | Reached XP level 11. HP: 70/95 MP: 16/16
  8509 | D:9      | Found a staircase to the Orcish Mines.
  8631 | D:9      | Reached **** piety under Beogh
  8723 | D:9      | Noticed Erolcha
  8726 | D:9      | Erolcha changed into Erolcha the cane toad
  8726 | D:9      | Noticed Erolcha
  8727 | D:9      | Found a staircase to the Lair.
  8736 | D:9      | Killed Erolcha the cane toad
  8973 | D:9      | Gained Oruk as an ally
  9374 | D:9      | Found an iron altar of Okawaru.
  9660 | D:8      | Identified the +0 ring mail of Birdsong {rF+ rCorr Int+3}
  9863 | D:8      | Killed a tengu warrior
 10084 | Lair:1   | Entered Level 1 of the Lair of Beasts
 10452 | Lair:1   | Noticed Maggie
 10469 | Lair:1   | Killed Maggie
 11178 | Lair:2   | Reached skill level 5 in Polearms
 11230 | Lair:2   | Found a gate leading to a gauntlet.
 11235 | Gauntlet | Entered a Gauntlet
 11235 | Gauntlet | Noticed a hell hog
 11235 | Gauntlet | Found a transporter.
 11235 | Gauntlet | Found a transporter.
 11240 | Gauntlet | Found a transporter.
 11240 | Gauntlet | Found a transporter.
 11245 | Gauntlet | Found a transporter.
 11248 | Gauntlet | Noticed a glowing orange brain
 11268 | Gauntlet | Noticed a glowing orange brain
 11306 | Gauntlet | Found a transporter.
 11324 | Gauntlet | Noticed a brown ugly thing
 11331 | Gauntlet | Found a transporter.
 11392 | Gauntlet | Found a transporter.
 11394 | Gauntlet | Noticed a catoblepas
 11402 | Gauntlet | Found a transporter.
 11417 | Gauntlet | Found a transporter.
 11432 | Gauntlet | Found a transporter.
 11445 | Gauntlet | Found a transporter.
 11470 | Gauntlet | Identified a scroll of acquirement
 11471 | Gauntlet | Acquired a manual of Invocations
 11608 | Gauntlet | Slain by a catoblepas

Illustrated notes

Levels and vault maps discovered:
D:1:      dpeg_arrival_concentric_ovals, layout_loops_ring,
          shapermc_ecumenical_altar_mp_urbaneastern
D:2:      layout_basic, serial_shops, shop, nicolae_shop_bloodbath_and_beyond,
          shop, shop, amcnicky_mini_corridor_feature, grunt_decor_mini_mirrors
D:3:      layout_rooms, nicolae_ru_sacrificial_ziggurat,
          overflow_temple_1_default, amcnicky_altar_gilded, serial_glass,
          glass_columns_b, glass_columns_b, uniq_natasha, uniq_sigmund
D:4:      layout_loops_ring, serial_shops, nicolae_shop_window_shopping
D:5:      layout_basic, led_sif_pool, hangedman_decor_peaks_small,
          chequers_serial_rivers_micro_d, minmay_misc_feat_room
D:6:      layout_loops_cross, kennysheep_little_box,
          minmay_temple_entry_butterflies, uniq_duvessa, uniq_edmund,
          uniq_crazy_yiuf_cottage
D:7:      layout_basic, evilmike_ruin_ashenzari, uniq_pikel
D:8:      minmay_bloctagon_deflated, layout_basic, uniq_jeremiah
D:9:      layout_loops_ring, kennysheep_okawaru_gauntlet,
          minmay_lair_entry_grove, kennysheep_orc_monster_closet_entryway,
          chequers_serial_rivers_large_b, chequers_serial_rivers_marsh,
          amethyst_killhole, uniq_erolcha
Lair:1:   layout_concentric_octagons, st_stairs_4, uniq_maggie
Lair:2:   layout_gridlike, nicolae_swamp_entry_splash_gauntlet,
          spider_nest_entry_rubble, gauntlet_entry_generic, st_stairs_11,
          ldierk_geyser, uniq_sonja
Gauntlet: gammafunk_gauntlet_shortcut [gammafunk_gauntlet_arena_hedges,
          nicolae_gauntlet_arena_flowing_pool, nicolae_gauntlet_arena_x,
          nicolae_gauntlet_arena_t_cross, gammafunk_gauntlet_arena_chambers,
          gammafunk_gauntlet_arena_spirals, gauntlet_exit_hidden_loot]

Skill      XL: |  1  2  3  4  5  6  7  8  9 10 11 |
---------------+----------------------------------+-----
Axes           | 3 4 5 6 7 8 |  8.1
Armour         | 1 2 3 4 5 6 8 |  8.0
Shields        | 1 2 3 4 5 6 8 |  8.0
Fighting       | 4 5 6 7 8 9 |  9.8
Dodging        | 2 3 4 5 6 |  6.4
Invocations    | 1 2 3 5 6 7 9 |  9.2
Evocations     | 1 3 4 |  4.9
Polearms       | 3 5 |  5.0
Stealth        | |  4.1

Action                     |  1- 3 |  4- 6 |  7- 9 | 10-12 || total
---------------------------+-------+-------+-------+-------++-------
  Melee: Hand axe          |   166 |    73 |       |       ||   239
         War axe           |       |    21 |   325 |    89 ||   435
         Trident           |       |       |       |   449 ||   449
 Invoke: Convert to Beogh  |       |     1 |       |       ||     1
         Smiting           |       |       |       |     4 ||     4
         Recall Orcish Fol |       |       |       |     1 ||     1
  Evoke: Wand              |       |     5 |    19 |    12 ||    36
    Use: Potion            |     1 |     1 |     4 |     5 ||    11
         Scroll            |       |     5 |     4 |    12 ||    21
   Stab: Sleeping          |    10 |       |     3 |     2 ||    15
 Armour: Leather armour    |    46 |       |       |       ||    46
         Ring mail         |    60 |    54 |   290 |   310 ||   714
         Swamp dragon scal |       |       |       |    36 ||    36
         Skin              |       |       |       |    28 ||    28
  Dodge: Dodged            |    83 |    42 |   221 |   280 ||   626
  Block: Buckler           |    34 |    17 |    86 |   139 ||   276

Table legend: (Time is in decaauts)
 A = Elapsed time spent in this place.
 B = Non-inter-level travel time spent in this place.
 C = Inter-level travel time spent in this place.
 D = Time resting spent in this place.
 E = Time spent auto-exploring this place.
 F = Levels seen in this place.
 G = Mean time per level.
                   A        B        C        D        E       F      G
               +--------+--------+--------+--------+--------+-----+--------+
         Total |  11780 |  11253 |    527 |   1707 |   6936 |  12 |  981.7 |
       Dungeon |  10255 |   9738 |    517 |   1436 |   6071 |   9 | 1139.4 |
          Lair |   1151 |   1142 |      9 |    185 |    728 |   2 |  575.5 |
      Gauntlet |    373 |    373 |      0 |     86 |    137 |   1 |  373.0 |
               +--------+--------+--------+--------+--------+-----+--------+

Top non-repeatable levels by time:
     D:9: 1625 daAuts
     D:7: 1403 daAuts
     D:8: 1350 daAuts
     D:5: 1350 daAuts
     D:4: 1213 daAuts
     D:6: 1126 daAuts
  Lair:1: 1087 daAuts
     D:2: 871 daAuts
     D:1: 868 daAuts
     D:3: 445 daAuts
Gauntlet: 373 daAuts
  Lair:2: 63 daAuts
